 Dungeon Crawl Stone Soup version 0.28-a0-556-gab23d0e057 (webtiles) character file.

Game seed: 9816985892722753192

5852 siradein the Fighter (level 10, -1/90 HPs)
             Began as a Hill Orc Fighter on Sept 29, 2021.
             Was a Follower of Yredelemnul.
             Slain by an eight-headed hydra (6 damage)
             ... on level 9 of the Dungeon.
             The game lasted 00:22:08 (12345 turns).

siradein the Fighter (Hill Orc Fighter)            Turns: 12345, Time: 00:22:08

Health: -1/90      AC: 15    Str: 22    XL:     10   Next: 81%
Magic:  14/14      EV:  5    Int:  8    God:    Yredelemnul [*.....]
Gold:   417        SH: 10    Dex: 11    Spells: 9/9 levels left

rFire   . . .      SeeInvis +   w - +1 trident (flame)
rCold   . . .      Faith    .   j - +0 kite shield
rNeg    . . .      Spirit   .   E - +0 plate armour
rPois   .          Reflect  .   A - +1 hat
rElec   .          Harm     .   m - +0 cloak
rCorr   .          Rampage  .   (no gloves)
Will    +....                   (no boots)
Stlth   ..........              (no amulet)
HPRegen 0.25/turn               x - ring of willpower
MPRegen 0.14/turn               p - ring of see invisible

@: mirroring injuries
A: no striking features
a: Renounce Religion, Animate Remains


You were on level 9 of the Dungeon.
You worshipped Yredelemnul.
Yredelemnul was aware of your devotion.
You visited 2 branches of the dungeon, and saw 10 of its levels.

You collected 417 gold pieces.

Inventory:

Hand Weapons
 w - a +1 trident of flaming (weapon)
Missiles
 a - 11 poisoned darts (quivered)
 c - 231 stones
 t - 4 javelins
Armour
 j - a +0 kite shield (worn)
 m - a +0 cloak (worn)
 A - a +1 hat (worn)
 E - a +0 plate armour (worn)
Jewellery
 b - a ring of protection from fire
 p - a ring of see invisible (right hand)
 x - a ring of willpower (left hand)
Wands
 h - a wand of acid (9)
 y - a wand of flame (44)
 C - a wand of iceblast (7)
Scrolls
 d - a scroll of holy word {unknown}
 e - 11 scrolls of identify {unknown}
 k - 3 scrolls of enchant armour {unknown}
 l - a scroll of fog {unknown}
 o - a scroll of immolation {unknown}
 s - 3 scrolls of fear {unknown}
 u - a scroll of teleportation {unknown}
 v - a scroll of magic mapping {unknown}
 B - a scroll of amnesia {unknown}
 D - a scroll of vulnerability {unknown}
 F - a scroll of brand weapon {unknown}
Potions
 f - 3 potions of haste
 g - 2 potions of resistance {unknown}
 i - 3 potions of curing {unknown}
 n - 4 potions of lignification {unknown}
 q - 2 potions of invisibility {unknown}
 r - 3 potions of flight {unknown}
 z - a potion of brilliance {unknown}
 G - a potion of might


   Skills:
 + Level 8.7 Fighting
 + Level 7.5 Polearms
 + Level 4.4 Throwing
 + Level 7.9 Armour
 + Level 8.0 Shields
 + Level 6.5 Invocations
 + Level 5.0 Evocations


You had 9 spell levels left.
You didn't know any spells.
Your spell library contained the following spells:

 Spells                   Type           Power      Damage    Failure   Level
 Animate Skeleton         Necr           0%         N/A       100%        1
 Apportation              Tloc           0%         N/A       100%        1
 Sting                    Tmut/Pois      0%         1d3       100%        1
 Summon Small Mammal      Summ           0%         N/A       100%        1
 Poisonous Vapours        Pois/Air       0%         N/A       100%        2
 Olgreb's Toxic Radiance  Pois           0%         N/A       100%        4
 Summon Lightning Spire   Summ/Air       0%         N/A       100%        4
 Storm Form               Tmut/Air       0%         N/A       100%        7
 Maxwell's Capacitive Co  Air            0%         ∞         100%        8


Dungeon Overview and Level Annotations

Branches:
Dungeon (9/15)             Temple (1/1) D:5
   Lair: D:8-11         Orc: D:9-12

Altars:
Ashenzari
Cheibriados
Dithmenos
Elyvilon
Fedhas
Gozag
Hepliaklqana
Kikubaaqudgha
Makhleb
Nemelex Xobeh
Okawaru
Qazlal
Ru
Sif Muna
Uskayaw
Vehumet
Wu Jian
Xom
Yredelemnul
Zin
The Shining One


Message History

The eight-headed hydra is severely wounded.
You block the eight-headed hydra's attack.
The eight-headed hydra bites you. The eight-headed hydra bites you!
You block the eight-headed hydra's attack.
The eight-headed hydra bites you but does no damage.
The eight-headed hydra bites you!
You block the eight-headed hydra's attack.
The eight-headed hydra bites you but does no damage.
The eight-headed hydra barely misses you.
The eight-headed hydra bites you!
The eight-headed hydra bites you but does no damage.
The eight-headed hydra bites you.
* * * LOW HITPOINT WARNING * * *
The eight-headed hydra bites you but does no damage. x2
The eight-headed hydra bites you!
* * * LOW HITPOINT WARNING * * *
You block the eight-headed hydra's attack.
You barely miss the eight-headed hydra.
The eight-headed hydra is heavily wounded.
The eight-headed hydra bites you but does no damage.
You block the eight-headed hydra's attack.
The eight-headed hydra barely misses you.
You block the eight-headed hydra's attack.
The eight-headed hydra bites you but does no damage.
You block the eight-headed hydra's attack.
The eight-headed hydra barely misses you.
The eight-headed hydra bites you.
* * * LOW HITPOINT WARNING * * *
You hit the eight-headed hydra. You burn the eight-headed hydra.
The eight-headed hydra is severely wounded.
The eight-headed hydra bites you.
* * * LOW HITPOINT WARNING * * *
The eight-headed hydra bites you!
* * * LOW HITPOINT WARNING * * *
You block the eight-headed hydra's attack. x2
The eight-headed hydra bites you but does no damage.
You block the eight-headed hydra's attack.
The eight-headed hydra bites you.
You die...
Your body rises from the dead as a mindless zombie.

##### #...# #.#.#
#.#.# #.#.## #.#..#
#.##.##
#.##..############
#.###...@D.......#
#########.#
############.#
#.......#.#
#≈≈≈≈≈≈≈##.#
#.......#.#
##≈≈≈≈≈###D#
#.......#.############
#.# #.......#.......+
#.# #.......#.....###
#.#######
#.........#####
#........ #.......###
+.....#####


You could see an eight-headed hydra.

Vanquished Creatures
  Joseph (D:7)
  A hornet (D:5)
  4 yaks (D:9)
  A wyvern (D:9)
  A steam dragon (D:8)
  2 water moccasins (D:8)
  2 ice beasts
  A sky beast (D:8)
  A necrophage (D:5)
  2 wolves (D:9)
  3 ogres (D:6)
  A centaur (D:5)
  A phantom (D:5)
  A wyvern zombie (D:6)
  3 bullfrogs
  A gnoll sergeant (D:6)
  4 scorpions
  3 wights
  7 howler monkeys
  A centaur zombie (D:6)
  A bullfrog zombie (D:5)
  3 bullfrog skeletons
  2 jellies (D:6)
  4 orc priests
  A gnoll shaman (D:7)
  5 hounds
  5 iguanas
  3 orc wizards (D:8)
  A killer bee zombie (D:9)
  A hound skeleton (D:5)
  18 gnolls
  A howler monkey skeleton (D:7)
  6 adders
  3 white imps
  An ufetubus (D:5)
  An adder zombie (D:3)
  A dart slug (D:2)
  19 orcs
  2 bats
  11 endoplasms
  4 giant cockroaches
  9 goblins
  6 hobgoblins
  7 jackals (D:2)
  5 quokkas
  6 ball pythons
  2 frilled lizards
  6 kobolds
  8 rats
183 creatures vanquished.

Vanquished Creatures (collateral kills)
  Gastronok (D:8)
  Eustachio (D:4)
  An orc warrior (D:4)
  A gnoll (D:7)
  An adder skeleton (D:4)
5 creatures vanquished.

Vanquished Creatures (others)
  A water moccasin zombie (D:8)
  A yak zombie (D:9)
  2 howler monkey zombies (D:8)
  2 orc zombies
  A wolf zombie (D:9)
7 creatures vanquished.

Grand Total: 195 creatures vanquished

Notes
Turn   | Place    | Note
-------+----------+-------------------------------------------
     0 | D:1      | siradein the Hill Orc Fighter began the quest for the Orb.
     0 | D:1      | Reached XP level 1. HP: 19/19 MP: 1/1
   284 | D:1      | Reached XP level 2. HP: 24/27 MP: 2/2
   389 | D:1      | Found a faded altar of an unknown god.
   977 | D:2      | Reached XP level 3. HP: 30/33 MP: 3/3
  1821 | D:2      | Reached XP level 4. HP: 24/40 MP: 4/4
  2979 | D:3      | Reached XP level 5. HP: 45/47 MP: 5/5
  3654 | D:3      | Reached skill level 5 in Fighting
  3989 | D:4      | Reached XP level 6. HP: 50/56 MP: 6/6
  4241 | D:4      | Found a burning altar of Makhleb.
  4241 | D:4      | Noticed a blizzard demon
  4244 | D:4      | Noticed a hellwing
  4244 | D:4      | Noticed a ynoxinul
  4332 | D:4      | Noticed an orc warrior
  4364 | D:5      | Entered Level 5 of the Dungeon
  4707 | D:5      | Reached skill level 5 in Shields
  4788 | D:5      | Reached skill level 5 in Armour
  4788 | D:5      | Reached XP level 7. HP: 61/61 MP: 7/7
  5050 | D:5      | Found a staircase to the Ecumenical Temple.
  5369 | Temple   | Entered the Ecumenical Temple
  5610 | Temple   | Became a worshipper of Yredelemnul the Dark
  5657 | D:5      | Reached skill level 5 in Polearms
  5657 | D:5      | Reached skill level 1 in Invocations
  5665 | D:5      | Noticed a hornet
  5891 | D:5      | Reached XP level 8. HP: 43/70 MP: 7/9
  6185 | D:6      | Reached skill level 1 in Throwing
  6185 | D:6      | Reached skill level 1 in Evocations
  7188 | D:6      | Reached XP level 9. HP: 78/78 MP: 11/11
  7542 | D:7      | Reached * piety under Yredelemnul
  7809 | D:7      | Noticed Joseph
  7839 | D:7      | HP: 1/79 [Joseph/sling bullet (8)]
  7842 | D:7      | Killed Joseph
  8266 | D:7      | Found an opulent altar of Gozag.
  8765 | D:7      | Found a sparkling altar of Nemelex Xobeh.
  9120 | D:8      | Found a blossoming altar of Fedhas.
  9416 | D:8      | Reached skill level 5 in Invocations
  9447 | D:8      | Noticed Gastronok
  9471 | D:8      | Killed Gastronok
  9472 | D:8      | Reached XP level 10. HP: 65/88 MP: 12/14
  9651 | D:8      | Found a hazy altar of Hepliaklqana.
 10098 | D:9      | Found an iron altar of Okawaru.
 10418 | D:5      | Paralysed by a hornet for 2 turns
 11033 | D:4      | Reached ** piety under Yredelemnul
 11470 | D:4      | Noticed Eustachio
 11485 | D:4      | Killed Eustachio
 12090 | D:9      | Reached skill level 5 in Evocations
 12322 | D:9      | Noticed an eight-headed hydra
 12345 | D:9      | Slain by an eight-headed hydra

Illustrated notes

Levels and vault maps discovered:
D:1:      lordsloth_arrival_two_stooges, layout_loops_ring,
          shapermc_ecumenical_altar_totnotflames
D:2:      layout_basic
D:3:      layout_rooms, serial_co_window_serial, co_window_of_opportunity_a,
          co_window_corner_a, co_window_paths_b, co_window_paths_b,
          co_window_corner_a, co_window_paths_c, co_window_corner_b,
          co_window_of_opportunity_c, co_window_of_opportunity_b,
          co_window_of_opportunity_b, co_window_unsneaky_path_e,
          co_window_of_opportunity_b, co_window_4corner_a, glass_columns_a,
          glass_columns_a
D:4:      layout_loops_corners, makhleb_altar_promises_db, uniq_eustachio
D:5:      minmay_chambers_of_fours, layout_gridville,
          minmay_temple_entry_drinking_statues, minmay_splitting_lines
D:6:      layout_loops_ring
D:7:      layout_basic, kennysheep_mini_moat, general_overflow_altar,
          uniq_joseph
D:8:      layout_loops_ring, mainiacjoe_overflow_alcove_4, fedhas_altar_1,
          uniq_gastronok
D:9:      layout_roguey, mainiacjoe_overflow_concentric_impassable,
          erik_lair_island, serial_aquarium, aquarium_bridge_square
          [aquarium_subvault_bridge, aquarium_subvault_balcony,
          aquarium_subvault_bridge, aquarium_subvault_wall],
          aquarium_bridge_straight [aquarium_subvault_bridge,
          aquarium_subvault_balcony, aquarium_subvault_bridge,
          aquarium_subvault_wall], aquarium_window_3, aquarium_window_2,
          aquarium_window_1, aquarium_view_2c, aquarium_view_2c, library_closet
Temple:   regret_index_temple_generic_petals

Skill      XL: |  1  2  3  4  5  6  7  8  9 10 |
---------------+-------------------------------+-----
Fighting       | 4 5 6 8 |  8.7
Polearms       | 3 4 5 7 |  7.5
Shields        | 4 5 6 7 8 |  8.0
Armour         | 4 5 6 7 |  7.9
Invocations    | 1 3 5 6 |  6.5
Throwing       | 2 3 4 |  4.4
Evocations     | 2 4 5 |  5.0

Action                   |  1- 3 |  4- 6 |  7- 9 | 10-12 || total
-------------------------+-------+-------+-------+-------++-------
Melee: Trident           |   144 |   212 |   316 |   191 ||   863
Throw: Stone             |       |       |    10 |       ||    10
       Dart              |       |       |     7 |     4 ||    11
Invok: Animate Remains   |       |       |     6 |    11 ||    17
       Injury Mirror     |       |       |       |     1 ||     1
  Use: Potion            |       |       |     1 |       ||     1
 Stab: Distracted        |       |       |     1 |       ||     1
Armor: Scale mail        |     3 |       |       |       ||     3
       Chain mail        |    77 |    90 |    93 |       ||   260
       Plate armour      |       |       |     9 |   121 ||   130
Dodge: Dodged            |    40 |    36 |    65 |    45 ||   186
Block: Buckler           |     3 |       |       |       ||     3
       Kite shield       |    46 |    86 |   101 |   121 ||   354

Table legend: (Time is in decaauts)
 A = Elapsed time spent in this place.
 B = Non-inter-level travel time spent in this place.
 C = Inter-level travel time spent in this place.
 D = Time resting spent in this place.
 E = Time spent auto-exploring this place.
 F = Levels seen in this place.
 G = Mean time per level.
                   A        B        C        D        E       F      G
               +--------+--------+--------+--------+--------+-----+--------+
         Total |  12547 |  11926 |    621 |    950 |   8802 |  10 | 1254.7 |
       Dungeon |  12288 |  11718 |    570 |    950 |   8602 |   9 | 1365.3 |
        Temple |    258 |    208 |     50 |      0 |    200 |   1 |  258.0 |
               +--------+--------+--------+--------+--------+-----+--------+

Top non-repeatable levels by time:
     D:5: 1897 daAuts
     D:6: 1886 daAuts
     D:3: 1776 daAuts
     D:4: 1613 daAuts
     D:2: 1234 daAuts
     D:7: 1194 daAuts
     D:8: 1049 daAuts
     D:1: 975 daAuts
     D:9: 660 daAuts
  Temple: 258 daAuts
